 Dungeon Crawl Stone Soup version 0.30-a0-972-gf3ab3527aa (webtiles) character file.

Game seed: 9076043406144106669

40 jasper the Conjurer (level 3, 0/24 HPs)
             Began as a Demonspawn Conjurer on Mar 31, 2023.
             Slain by Sigmund
             ... wielding a +0 scythe
              (6 damage)
             ... on level 2 of the Dungeon.
             The game lasted 00:02:18 (1161 turns).

jasper the Conjurer (Demonspawn Conjurer)           Turns: 1161, Time: 00:02:19

Health: 0/24       AC:  2    Str:  7    XL:     3   Next: 30%
Magic:  0/6        EV: 12    Int: 21    God:
Gold:   0          SH:  0    Dex: 11    Spells: 3/6 levels left

rFire   . . .      SeeInvis .    c - +0 short sword
rCold   . . .      Faith    .    (no shield)
rNeg    . . .      Spirit   .    a - +0 robe
rPois   .          Reflect  .    (no helmet)
rElec   .          Rampage  .    (no cloak)
rCorr   .                        (no gloves)
Will    .....                    (no boots)
Stlth   ++                       (no amulet)
HPRegen 0.24/turn                (no ring)
MPRegen 0.10/turn                (no ring)

@: mighty
A: hooves 1, demonic guardian 1
a: no special abilities


You were on level 2 of the Dungeon.
You visited 1 branch of the dungeon, and saw 2 of its levels.

Inventory:

Hand Weapons
 c - a +0 short sword (weapon)
Missiles
 k - 3 javelins
Armour
 a - a +0 robe (worn)
Magical Staves
 f - a staff of air
Jewellery
 m - a ring of ice
Scrolls
 d - 2 scrolls of immolation {unknown}
 g - 2 scrolls of fog {unknown}
 h - a scroll of butterflies {unknown}
 i - a scroll of identify {unknown}
Potions
 l - a potion of degeneration {unknown}


   Skills:
 - Level 1.7 Dodging
 - Level 1.7 Stealth
 - Level 2.0 Spellcasting
 + Level 5.2 Conjurations


You had 3 spell levels left.
You knew the following spells:

 Your Spells              Type           Power      Damage    Failure   Level
a - Magic Dart            Conj           96%        1d7       1%          1
b - Searing Ray           Conj           48%        2d6       2%          2

Your spell library contained the following spells:

 Spells                   Type           Power      Damage    Failure   Level
 Dazzling Flash           Conj/Hex       26%        N/A       16%         3
 Cigotuvi's Dreadful Rot  Necr/Pois/Air  4%         N/A       22%         2
 Wereblood                Tmut           2%         N/A       22%         2
 Fulminant Prism          Conj/Hex       6%         3d7       45%         4
 Iskenderun's Mystic Bla  Conj/Tloc      13%        2d5       45%         4
 Ice Form                 Ice/Tmut       2%         N/A       82%         4
 Dragon Form              Tmut           1%         N/A       100%        7


Dungeon Overview and Level Annotations

Branches:
Dungeon (2/15)

Altars:

Annotations:
D:2 Sigmund


Innate Abilities, Weirdness & Mutations

You have large cloven feet.
A weak demonic guardian rushes to your aid.


Message History

You now have 3/6 mp.
The searing ray hits Sigmund!
Sigmund is heavily wounded.
Sigmund casts a spell at you. The puff of flame misses you.
The searing ray hits Sigmund.
Sigmund is severely wounded.
You finish channelling your searing ray.
Sigmund barely misses you.
You now have 2/6 mp.
Casting: Searing Ray (safe; 2% risk of failure)
Confirm with . or Enter, or press ? or * to list all spells.
Aiming: Searing Ray (safe; 2% risk of failure)
Press: ? - help, Shift-Dir - straight line, f/p - Sigmund
Aim: Sigmund, wielding a +0 scythe and wearing a +0 robe (severely wounded, 77% to hit)
The searing ray hits Sigmund.
Sigmund is almost dead. (Press . to maintain the ray.)
You now have 0/6 mp.
Without enough magic to sustain it, your searing ray dissipates.
Sigmund gestures at you while chanting. The magic dart hits you.
You take 4 damage, and have 20/24 hp.
Sigmund mumbles some strange words.
Sigmund flickers and vanishes!
Deactivating autopickup; reactivate with Ctrl-A.
It was a potion of heal wounds.
You feel much better. Something completely misses you.
Health restored: 24 You closely miss something.
You kick something. Something hits you!
A demonic guardian appears!
You take 9 damage, and have 15/24 hp.
MASSIVE DAMAGE!!
You miss something. You miss something. Something hits you!
* * * LOW HITPOINT WARNING * * *
You take 10 damage, and have 6/24 hp.
MASSIVE DAMAGE!!
It was a potion of might.
You feel very mighty all of a sudden. Something hits you.
You die...

.. ....# . #.### #.... .
...#####..## #
####..........#####
#..................
###.##........)..#.#.
####....................
.....#.#.#.#...†....#.#.
................@5......
.....#.#.#.#.....{...##.
.............)......).#
>....#.#.#.#.##.#.###.#
...<.........##....!....
.....#.#.#.#.##.........
...............?.......
>...#...#..##.#>.......
....#.#...## ........l.


You could see a friendly quasit (summoned).

Vanquished Creatures
  2 adders (D:2)
  6 ball pythons
  2 goblins (D:2)
  2 hobgoblins
  2 frilled lizards
  2 kobolds
  7 rats
23 creatures vanquished.

Vanquished Creatures (collateral kills)
  A ball python (D:2)
  A kobold (D:2)
2 creatures vanquished.

Vanquished Creatures (others)
  A plant (D:1)
1 creature vanquished.

Grand Total: 26 creatures vanquished

Notes
Turn   | Place    | Note
-------+----------+-------------------------------------------
     0 | D:1      | jasper the Demonspawn Conjurer began the quest for the Orb.
     0 | D:1      | Reached XP level 1. HP: 13/13 MP: 3/3
    90 | D:1      | Found a faded altar of an unknown god.
   213 | D:1      | Got the Collected Works on Transformed Breath
   347 | D:1      | Gained mutation: A weak demonic guardian rushes to your
                  | aid. [demonic ancestry]
   347 | D:1      | Reached XP level 2. HP: 9/19 MP: 0/5
   350 | D:1      | Learned a level 2 spell: Searing Ray
  1061 | D:2      | Reached skill level 5 in Conjurations
  1085 | D:2      | Discovered your monstrous ancestry.
  1085 | D:2      | Gained mutation: You have large cloven feet. [demonic
                  | ancestry]
  1085 | D:2      | Reached XP level 3. HP: 24/24 MP: 2/6
  1145 | D:2      | Noticed Sigmund
  1161 | D:2      | Slain by Sigmund

Illustrated notes

Levels and vault maps discovered:
D:1:      lightli_iron_boxes, layout_loops_corners, serial_forest,
          infiniplex_forest_clump_large, infiniplex_forest_lined_3,
          infiniplex_forest_clump_double, infiniplex_forest_clump_medium,
          infiniplex_forest_end_3, hellmonk_ecumenical_altar_crossroads
D:2:      layout_rooms, serial_glass, glass_columns_c, glass_columns_a,
          glass_columns_a, glass_columns_a, glass_columns_a, glass_columns_a,
          glass_columns_b, glass_columns_a, glass_columns_a, glass_columns_b,
          glass_columns_c, glass_columns_c, glass_columns_c, glass_columns_a,
          item_on_display_a, due_unseen_surprise, feat_on_display,
          item_on_display_a, uniq_crazy_yiuf_cottage, uniq_sigmund

Skill      XL: |  1  2 |
---------------+-------+-----
Conjurations   | 5 |  5.2
Dodging        | |  1.7
Stealth        | |  1.7
Spellcasting   | |  2.0

Action                     || total
---------------------------++-------
  Melee: Short sword       ||    14
         Kick              ||     2
  Throw: Javelin           ||     1
   Cast: Magic Dart        ||    33
         Searing Ray       ||     4
    Use: Potion            ||     3
 Armour: Robe              ||     3
  Dodge: Dodged            ||    18

Table legend: (Time is in decaauts)
 A = Elapsed time spent in this place.
 B = Non-inter-level travel time spent in this place.
 C = Inter-level travel time spent in this place.
 D = Time resting spent in this place.
 E = Time spent auto-exploring this place.
 F = Levels seen in this place.
 G = Mean time per level.
                   A        B        C        D        E       F      G
               +--------+--------+--------+--------+--------+-----+--------+
         Total |   1160 |   1131 |     29 |    111 |    868 |   2 |  580.0 |
       Dungeon |   1160 |   1131 |     29 |    111 |    868 |   2 |  580.0 |
               +--------+--------+--------+--------+--------+-----+--------+

Top non-repeatable levels by time:
     D:1: 867 daAuts
     D:2: 293 daAuts
